Map: Ruins of Seras

Players

MellowYellow - Winner!

  • Race: Protoss Protoss
  • League: Platinum

LindyHop

  • Race: Zerg Zerg
  • League: Platinum

VOD

Have the link to the VOD?

Description

Time

  • Played on: Jan. 13, 2016, 7:37 p.m.
  • Length: 18:49
Show
View Real Time Build Order
Export as new Build Order

MellowYellow Protoss - Winner!

Build Orders:  

Get SALT Encoding   

  12  0:01  Probe (Chrono Boost)  
  13  0:11  Probe (Chrono Boost)  
  14  0:20  Pylon  
  14  0:23  Probe (Chrono Boost)  
  15  0:38  Probe (Chrono Boost)  
  16  0:43  Gateway  
  16  0:48  Probe (Chrono Boost)  
  17  0:54  Assimilator  
  17  0:59  Probe (Chrono Boost)  
  17  1:02  Pylon  
  18  1:09  Probe (Chrono Boost)  
  19  1:20  Probe (Chrono Boost)  
  20  1:31  Cybernetics Core, Probe (Chrono Boost)  
  21  1:41  Probe (Chrono Boost)  
  22  1:52  Probe (Chrono Boost)  
  23  1:58  Nexus  
  23  2:02  Probe (Chrono Boost)  
  24  2:13  Probe (Chrono Boost), Zealot  
  24  2:15  Warp Gate  
  27  2:24  Mothership Core (Chrono Boost)  
  27  2:25  Assimilator  
  29  2:42  Probe (Chrono Boost)  
  30  2:52  Probe (Chrono Boost)  
  30  2:55  Pylon  
  31  3:00  Pylon  
  31  3:10  Probe (Chrono Boost)  
  31  3:11  Probe (Chrono Boost)  
  33  3:15  Robotics Facility  
  33  3:17  Gateway  
  33  3:21  Stalker, Probe (Chrono Boost)  
  33  3:25  Probe (Chrono Boost)  
  37  3:33  Probe (Chrono Boost)  
  38  3:37  Gateway  
  38  3:39  Probe (Chrono Boost)  
  39  3:44  Probe (Chrono Boost)  
  40  3:50  Probe (Chrono Boost)  
  40  3:51  Zealot  
  40  3:54  Probe (Chrono Boost)  
  44  4:02  Gateway  
  44  4:05  Probe (Chrono Boost)  
  44  4:06  Probe (Chrono Boost)  
  44  4:08  Observer  
  47  4:17  Gateway  
  47  4:20  Probe (Chrono Boost)  
  47  4:21  Pylon  
  47  4:22  Probe (Chrono Boost)  
  49  4:29  Immortal (Chrono Boost)  
  49  4:31  Probe (Chrono Boost)  
  54  4:33  Probe (Chrono Boost)  
  55  4:44  Probe  
  56  4:45  Probe  
  56  4:46  Stalker, Zealot  
  61  4:57  Pylon  
  61  5:01  Gateway  
  61  5:04  Gateway  
  61  5:05  Immortal (Chrono Boost)  
  61  5:06  Probe  
  66  5:16  Stalker x2, Zealot  
  66  5:17  Zealot  
  74  5:25  Pylon  
  74  5:29  Zealot  
  74  5:30  Pylon x2  
  76  5:37  Stalker  
  78  5:43  Assimilator  
  78  5:47  Assimilator  
  78  5:49  Pylon  
  78  5:51  Pylon  
  78  5:55  Immortal (Chrono Boost)  
  82  6:05  Stalker  
  82  6:06  Stalker, Zealot x2  
  90  6:17  Forge  
  90  6:25  Pylon  
  90  6:26  Stalker, Pylon  
  90  6:27  Stalker  
  94  6:39  Zealot x2  
  98  6:40  Stalker x2  
  98  6:43  Sentry  
  104  6:53  Stalker  
  104  6:54  Stalker  
  108  6:56  Protoss Ground Weapons Level 1 (Chrono Boost)  
  108  6:57  Probe  
  108  7:15  Nexus  
  108  7:16  Pylon  
  94  7:41  Pylon  
  94  7:44  Pylon  
  94  7:48  Pylon  
  94  7:49  Probe x2  
  96  7:51  Gateway  
  96  7:57  Robotics Facility  
  96  7:58  Twilight Council, Robotics Bay  
  96  8:00  Observer  
  96  8:01  Probe  
  98  8:20  Probe  
  98  8:21  Probe  
  100  8:37  Colossus  
  100  8:40  Probe x2  
  102  8:42  Assimilator  
  102  8:44  Assimilator  
  102  8:45  Colossus  
  102  8:46  Pylon  
  114  8:50  Pylon  
  114  8:52  Protoss Ground Weapons Level 2 (Chrono Boost)  
  114  9:01  Probe, Photon Cannon  
  115  9:03  Probe, Photon Cannon  
  115  9:05  Probe  
  117  9:12  Charge  
  117  9:17  Probe  
  117  9:19  Photon Cannon  
  117  9:23  Photon Cannon  
  116  9:28  Probe  
  116  9:29  Probe, Observer  
  116  9:33  Probe  
  118  9:39  Observer  
  119  9:47  Nexus  
  119  9:48  Observer  
  119  9:49  Pylon  
  119  10:00  Colossus  
  119  10:01  Colossus  
  130  10:22  Gateway, Probe x2  
  130  10:24  Gateway  
  130  10:27  Photon Cannon  
  132  10:30  Extended Thermal Lance  
  132  10:35  Templar Archives  
  132  10:50  Pylon  
  132  10:52  Pylon  
  132  10:54  Protoss Ground Weapons Level 3 (Chrono Boost)  
  132  10:55  Pylon  
  132  10:56  Blink (Chrono Boost)  
  132  11:09  Stalker x3  
  138  11:13  High Templar x2  
  138  11:14  High Templar x2  
  138  11:17  Probe  
  138  11:18  Assimilator  
  147  11:20  Disruptor  
  147  11:22  Assimilator  
  150  11:26  Photon Cannon  
  150  11:28  Photon Cannon  
  150  11:29  Disruptor  
  150  11:32  Archon x2  
  153  11:38  Photon Cannon  
  153  11:42  Probe x2  
  153  11:44  Photon Cannon  
  155  11:56  Disruptor  
  155  12:04  Stalker x4, Disruptor  
  155  12:07  High Templar x2  
  173  12:12  Probe x2  
  175  12:18  Archon  
  169  12:26  Stalker  
  169  12:27  Stalker x2  
  171  12:45  Stalker x4  
  171  12:46  Stalker  
  171  12:47  Stalker  
  183  13:17  Photon Cannon  
  183  13:19  Photon Cannon  
  169  13:23  Pylon  
  169  13:25  Pylon  
  144  13:30  Disruptor (Chrono Boost)  
  147  13:40  Pylon  
  147  13:44  Probe  
  147  13:45  Probe  
  147  13:47  Robotics Facility  
  149  13:49  Photon Cannon  
  149  13:55  High Templar  
  149  13:56  High Templar  
  149  13:57  High Templar x2  
  157  14:03  Disruptor (Chrono Boost)  
  157  14:04  Nexus  
  160  14:13  High Templar x2  
  160  14:14  Zealot x3  
  160  14:15  Archon x2  
  170  14:18  Archon  
  170  14:28  Probe  
  170  14:29  Probe  
  170  14:30  Probe x2  
  173  14:35  Photon Cannon, High Templar  
  173  14:36  High Templar x3  
  182  14:39  High Templar x4  
  182  14:40  Archon  
  182  14:41  Archon  
  182  14:43  Archon x2  
  120  15:16  Disruptor (Chrono Boost)  
  123  15:23  High Templar x3  
  123  15:24  Zealot x3  
  123  15:25  Zealot x3  
  141  15:30  Disruptor (Chrono Boost)  
  141  15:32  Protoss Ground Armor Level 1 (Chrono Boost)  
  144  15:38  Zealot  
  144  15:40  Probe  
  144  15:42  Probe  
  148  15:45  Archon  
  148  15:46  High Templar  
  148  15:47  Zealot x4  
  148  15:49  Stalker  
  160  15:51  Archon  
  159  16:25  Pylon  
  159  16:27  Stalker x4, Pylon  
  159  16:28  Stalker x2  
  159  16:29  Stalker x2  
  159  16:30  Stalker x2  
  179  16:33  Observer x2, Pylon  
  181  16:45  Photon Cannon  
  181  16:46  Probe  
  181  16:48  Probe, Photon Cannon  
  181  16:51  Photon Cannon  
  181  16:53  Assimilator  
  183  16:57  Photon Cannon  
  183  16:59  Photon Cannon, Assimilator  
  146  17:26  Stalker x2  
  146  17:27  Stalker x5  
  146  17:28  Stalker x2  
  164  17:33  Probe  
  164  17:34  Probe  
  164  17:36  Probe x2  
  168  17:44  High Templar  
  170  17:55  High Templar  
  170  17:56  High Templar x2  
  170  17:57  Zealot x3  
  182  17:59  High Templar x2  
  182  18:00  Archon  
  182  18:01  Archon  
  182  18:03  Archon  
  186  18:10  Probe  
  186  18:12  Probe  
  162  18:48  Stalker x5  
  166  18:49  Stalker x2  
Show
View Real Time Build Order
Export as new Build Order

LindyHop Zerg 

Build Orders: Hatch First 

Get SALT Encoding   

  12  0:01  Drone  
  13  0:14  Overlord  
  13  0:22  Drone  
  14  0:32  Drone x2  
  16  0:42  Drone  
  17  0:57  Hatchery  
  17  1:00  Drone  
  17  1:01  Drone  
  18  1:18  Spawning Pool  
  17  1:20  Extractor  
  16  1:26  Drone  
  16  1:31  Drone x2  
  19  1:47  Drone  
  20  1:53  Overlord  
  20  2:06  Queen  
  22  2:08  Queen  
  24  2:16  Drone x3  
  27  2:24  Overlord  
  27  2:29  Drone  
  28  2:34  Drone x2  
  30  2:41  Metabolic Boost  
  30  2:51  Drone x2  
  32  3:09  Drone x4  
  36  3:19  Zergling x4  
  39  3:20  Zergling x2  
  39  3:27  Drone  
  39  3:28  Drone x3  
  39  3:30  Hatchery  
  42  3:39  Queen  
  44  3:47  Lair  
  44  3:49  Drone, Extractor  
  44  4:06  Overlord x2  
  44  4:07  Overlord, Extractor x2  
  42  4:13  Drone  
  42  4:14  Drone  
  44  4:28  Drone  
  44  4:29  Drone x4, Roach Warren  
  44  4:30  Drone x3  
  44  4:31  Evolution Chamber x2  
  47  4:46  Zergling x2  
  47  4:47  Zergling x4  
  47  4:48  Hydralisk Den  
  48  5:03  Zerg Missile Weapons Level 1  
  48  5:04  Zerg Ground Armor Level 1  
  48  5:05  Zergling x12  
  48  5:06  Zergling x2  
  55  5:16  Drone x2  
  55  5:19  Muscular Augments  
  55  5:20  Drone  
  58  5:28  Overseer  
  58  5:31  Overseer  
  58  5:33  Pneumatized Carapace  
  58  5:36  Drone x6  
  58  5:37  Drone x2  
  66  5:43  Spine Crawler  
  66  5:47  Spore Crawler  
  64  5:53  Overlord x2  
  64  6:08  Spine Crawler  
  64  6:10  Spine Crawler  
  62  6:14  Hydralisk x4  
  62  6:15  Hydralisk  
  72  6:28  Overseer  
  72  6:30  Hydralisk x4  
  80  6:37  Drone  
  80  6:38  Drone x2  
  83  6:48  Hydralisk x3  
  83  6:50  Overlord x2  
  89  7:09  Roach x8  
  105  7:19  Overlord  
  105  7:20  Overlord  
  105  7:28  Hydralisk  
  105  7:29  Hydralisk x3  
  104  7:30  Hydralisk  
  104  7:32  Zergling x2  
  106  7:44  Hydralisk  
  106  7:45  Hydralisk x4  
  106  7:49  Hydralisk x2  
  120  7:53  Drone x2  
  122  8:03  Extractor x2  
  120  8:07  Zerg Ground Armor Level 2  
  120  8:09  Drone x2  
  122  8:16  Overlord  
  122  8:17  Overlord x2  
  122  8:34  Overlord  
  122  8:35  Overlord  
  122  8:37  Zergling x8  
  122  8:38  Drone x2  
  128  8:42  Hatchery, Drone x3  
  130  8:55  Zerg Missile Weapons Level 2  
  130  9:02  Zergling x6  
  133  9:03  Zergling x12  
  139  9:22  Spire  
  139  9:24  Zergling x8  
  139  9:25  Zergling x8  
  144  9:46  Drone x4  
  144  9:47  Drone x6  
  144  9:48  Drone x4  
  158  9:55  Overseer x3  
  158  9:59  Infestation Pit  
  153  10:31  Hatchery  
  153  10:33  Mutalisk  
  153  10:34  Mutalisk x6  
  166  10:36  Overlord x5  
  166  10:42  Mutalisk x3  
  168  10:54  Extractor x2  
  166  11:07  Mutalisk x5  
  166  11:08  Mutalisk x5  
  186  11:11  Zergling x2  
  186  11:12  Zergling x8  
  186  11:16  Hive  
  191  11:21  Zerg Melee Weapons Level 1  
  191  11:23  Drone x2  
  191  11:24  Drone  
  194  11:26  Drone  
  195  11:39  Zerg Flyer Weapons Level 1  
  195  12:11  Spore Crawler, Spine Crawler  
  193  12:15  Spine Crawler  
  193  12:16  Spore Crawler, Extractor  
  193  12:19  Extractor  
  189  12:43  Hydralisk x5  
  197  12:59  Hydralisk  
  197  13:01  Corruptor  
  184  13:22  Roach  
  184  13:23  Roach x20  
  158  13:30  Burrow  
  156  13:34  Roach  
  156  13:35  Roach x4  
  166  13:41  Corruptor  
  166  13:42  Hatchery  
  166  13:47  Greater Spire  
  166  13:48  Hydralisk x2  
  167  13:49  Hydralisk x2  
  167  13:52  Hydralisk  
  167  13:54  Corruptor  
  167  13:55  Corruptor x3  
  185  14:03  Corruptor  
  185  14:05  Hatchery x2, Corruptor  
  185  14:08  Corruptor x2  
  191  14:19  Corruptor x2  
  191  14:23  Zergling x8  
  186  14:54  Corruptor, Hydralisk  
  186  14:56  Hydralisk x2  
  186  14:57  Hydralisk x6  
  186  14:58  Hydralisk  
  159  15:03  Hydralisk  
  147  15:09  Roach  
  150  15:14  Zergling x12  
  150  15:20  Brood Lord  
  157  15:37  Brood Lord x2  
  157  15:38  Brood Lord  
  163  15:44  Drone x3  
  166  16:05  Hydralisk x3  
  166  16:06  Hydralisk x4  
  180  16:22  Infestor x5  
  180  16:23  Infestor  
  190  17:06  Hydralisk x8  
  133  17:15  Zergling x2  
  133  17:16  Zergling x44  
  133  17:17  Zergling x2  
  134  17:28  Infestor x3, Zergling x4  
  142  17:46  Brood Lord  
  142  17:47  Brood Lord x3  
  142  17:49  Brood Lord  
  151  18:07  Viper x2  
  151  18:08  Hatchery  
Tags
 
Add a new tag
Caveats
  • Supply blocks, unpowered buildings, or Contaminate may cause inaccurate times.
  • Supply counts are checked every 10 seconds.